 Dungeon Crawl Stone Soup version 0.30-a0-534-gdc55766716 (webtiles) character file.

Game seed: 8621240589787311785

439 bande the Chopper (level 7, -2/44 HPs)
             Began as a Gargoyle Fighter on Dec 24, 2022.
             Killed by nerve-wracking pain
             ... invoked by an orc priest
              (6 damage)
             ... on level 5 of the Dungeon.
             The game lasted 00:05:58 (3089 turns).

bande the Chopper (Gargoyle Fighter)                Turns: 3089, Time: 00:05:59

Health: -2/44      AC: 15    Str: 19    XL:     7   Next: 1%
Magic:  7/7        EV:  5    Int:  9    God:
Gold:   102        SH: 13    Dex: 11    Spells: 6/6 levels left

rFire   . . .      SeeInvis .    a - +0 war axe
rCold   . . .      Faith    .    y - +0 kite shield
rNeg    + . .      Spirit   .    n - +0 chain mail
rPois   ∞          Reflect  +    (no helmet)
rElec   +          Harm     .    h - +0 cloak
rCorr   .          Rampage  .    (no gloves)
Will    .....                    (no boots) Stlth
                                 t - amulet of reflection
HPRegen 0.27/turn                e - ring of flight
MPRegen 0.10/turn                (no ring)

@: flying
A: sickness immunity, AC +4, negative energy resistance 1, electricity
resistance, torment resistance 1, petrification resistance
a: no special abilities


You were on level 5 of the Dungeon.
You visited 2 branches of the dungeon, and saw 6 of its levels.

You collected 151 gold pieces.
You spent 49 gold pieces at shops.

Inventory:

Hand Weapons
 a - a +0 war axe (weapon)
 j - a +0 war axe
Armour
 h - a +0 cloak (worn)
 n - a +0 chain mail (worn)
 w - a +0 hat
 y - a +0 kite shield (worn)
Jewellery
 e - a ring of flight (left hand)
 p - an amulet of faith
 t - an amulet of reflection (around neck)
Scrolls
 g - 3 scrolls of poison
 q - 2 scrolls of amnesia
Potions
 b - a potion of flight {unknown}
 d - a potion of might
 f - 2 potions of curing
 i - a potion of ambrosia {unknown}
 k - 2 potions of lignification {unknown}
 o - a potion of cancellation {unknown}
 r - a potion of heal wounds {unknown}
 v - a potion of brilliance {unknown}


   Skills:
 + Level 4.3 Fighting
 + Level 5.2 Axes
 + Level 4.3 Armour
 + Level 4.2 Shields


You had 6 spell levels left.
You didn't know any spells.
Your spell library contained the following spells:

 Spells                   Type           Power      Damage    Failure   Level
 Apportation              Tloc           0%         N/A       100%        1
 Necrotise                Necr           0%         1d4       100%        1
 Summon Small Mammal      Summ           0%         N/A       100%        1
 Wereblood                Tmut           0%         N/A       100%        2
 Dazzling Flash           Conj/Hex       0%         N/A       100%        3
 Enfeeble                 Hex            0%         N/A       100%        7
 Summon Hydra             Summ           0%         N/A       100%        7
 Sublimation of Blood     Necr           Unusable   N/A       N/A         2

Dungeon Overview and Level Annotations

Branches:
Dungeon (5/15)             Temple (1/1) D:5

Altars:
Fedhas
Hepliaklqana
Kikubaaqudgha
Makhleb
Qazlal
Ru
Sif Muna
Uskayaw
Xom
Lugonu

Shops:
D:5 *

Portals:
Abyss: D:3


Innate Abilities, Weirdness & Mutations

You are immune to sickness and miasma.
Your stone body is resilient. (AC +4)
You are immune to poison.
You resist negative energy. (rN+)
You are resistant to electric shocks. (rElec)
You are resistant to unholy torment.
You are immune to petrification.


Message History

You closely miss the orc.
The orc is severely wounded.
You barely miss the orc. You barely miss the orc priest.
You block the orc's attack. x2
The orc priest hits you with a +0 dagger.
You hit the orc.
You kill the orc!
You barely miss the orc priest. You hit the orc.
The orc priest hits you with a +0 dagger.
The orc hits you with a +0 war axe of freezing.
The orc freezes you. The orc hits you but does no damage.
The orc priest calls down the wrath of Beogh upon you.
Beogh smites you! The orc closely misses you.
You are too injured to fight recklessly!
You are too injured to fight recklessly!
You are too injured to fight recklessly!
You are too injured to fight recklessly!
You are too injured to fight recklessly!
You are too injured to fight recklessly!
You are too injured to fight recklessly!
You are too injured to fight recklessly!
You are too injured to fight recklessly!
Unknown command.
You hit the orc priest.
The orc priest is heavily wounded.
You hit the orc. x2
The orc priest mumbles some strange prayers to Beogh against you.
Beogh smites you!
* * * LOW HITPOINT WARNING * * *
You block the orc's attack. x2
You barely miss the orc priest.
The orc priest is heavily wounded.
You slash the orc!
You kill the orc!
You hit the orc.
You kill the orc!
You block the orc priest's attack. You block the orc's attack.
The orc priest mumbles some strange prayers to Beogh against you.
Pain shoots through your body!
You die...

+,,*,***,.#.###............#*,*,*
****,***,,#,* #..##.##.#####*,,,*
,,,,,,,,,,*,* #..##[##.# ***,*
,,,,,,,,,,,,*###+#####.# *,*
,,,,,,,,,,,,*#.....###.# ***
,,,,,,,,,,,,,#.⌠.⌠.##..#
,*,*,,,***,,,+..>†.'..##
,****,***,,,,#.⌠.⌠.####
,**,,,,,,*,,,#.o@).#
,**,,,,,**,,,###o###
,,+,,_,,,,,,,,,.Z.*
,**,,,,,**,,,,....#
,**,,,,,**,,,.....#
,***,+*,,*,,......#
,****,*,*,,.......#
,,,,,,,,,,..#.#+###**********
,,,,,,,,,,,,*,*,,,,,,,,,,,,,*


You could see an orc priest, an orc and a kobold skeleton.

Vanquished Creatures
  An ogre (D:4)
  A phantom (D:4)
  A scorpion (D:4)
  A hound (D:4)
  An orc wizard (D:4)
  7 adders
  An ufetubus (D:4)
  2 worms
  4 dart slugs
  11 orcs
  3 bats
  6 endoplasms
  3 giant cockroaches (D:1)
  6 goblins
  8 hobgoblins
  2 jackals (D:3)
  14 kobolds
  A quokka (D:1)
  7 ball pythons
  5 frilled lizards
  5 rats
90 creatures vanquished.

Vanquished Creatures (others)
  2 lurking horrors (D:3)
2 creatures vanquished.

Grand Total: 92 creatures vanquished

Notes
Turn   | Place    | Note
-------+----------+-------------------------------------------
     0 | D:1      | bande the Gargoyle Fighter began the quest for the Orb.
     0 | D:1      | Reached XP level 1. HP: 14/14 MP: 1/1
   369 | D:1      | Reached skill level 2 in Axes
   374 | D:1      | Reached XP level 2. HP: 19/19 MP: 2/2
   687 | D:1      | Reached XP level 3. HP: 22/23 MP: 3/3
   814 | D:1      | Got Qaned's Writings on Interference
  1274 | D:2      | Found a hazy altar of Hepliaklqana.
  1550 | D:3      | Found a one-way gate to the infinite horrors of the Abyss.
  1550 | D:3      | Found a corrupted altar of Lugonu.
  1603 | D:3      | Found a burning altar of Makhleb.
  1612 | D:3      | Reached XP level 4. HP: 29/29 MP: 4/4
  1682 | D:3      | Reached skill level 3 in Axes
  1805 | D:3      | Found a faded altar of an unknown god.
  2362 | D:4      | Reached XP level 5. HP: 31/33 MP: 5/5
  2382 | D:4      | Noticed a phantom
  2388 | D:4      | Killed a phantom
  2389 | D:4      | Reached skill level 4 in Axes
  2415 | D:4      | Reached XP level 6. HP: 21/38 MP: 6/6
  2522 | D:4      | Found a blossoming altar of Fedhas.
  2702 | D:4      | Reached skill level 5 in Axes
  2955 | D:5      | Entered Level 5 of the Dungeon
  2956 | D:5      | Found Ixinoq's General Store.
  2978 | D:5      | Bought a +0 kite shield for 49 gold pieces
  3039 | D:5      | Found a staircase to the Ecumenical Temple.
  3043 | D:5      | Reached XP level 7. HP: 44/44 MP: 7/7
  3046 | Temple   | Entered the Ecumenical Temple
  3089 | D:5      | Killed from afar by an orc priest

Illustrated notes

Levels and vault maps discovered:
D:1:      dpeg_arrival_round_c, layout_basic, st_stairs_13, minmay_statues_item
D:2:      layout_basic, basic_altar, hangedman_decor_slide_cut
D:3:      layout_loops_ring, mainiacjoe_overflow_concentric_impassable,
          hellmonk_ecumenical_altar_run_dry, amcnicky_altar_lugonu_corruption
D:4:      layout_rooms, mainiacjoe_overflow_catwalk
D:5:      layout_basic, nicolae_tso_besieged_by_evil, cheibriados_altar_1,
          minmay_temple_entry_hall, serial_shops, shop
Temple:   hellmonk_temple_rainy

Skill      XL: |  1  2  3  4  5  6 |
---------------+-------------------+-----
Axes           | 2 3 4 5 |  5.2
Fighting       | 4 |  4.3
Armour         | 4 |  4.3
Shields        | 4 |  4.2

Action                   |  1- 3 |  4- 6 |  7- 9 || total
-------------------------+-------+-------+-------++-------
Melee: War axe           |   124 |   130 |    10 ||   264
  Use: Scroll            |     1 |     6 |       ||     7
Armor: Scale mail        |    42 |       |       ||    42
       Chain mail        |    13 |    93 |     5 ||   111
Dodge: Dodged            |    48 |    50 |     2 ||   100
Block: Buckler           |    32 |    74 |       ||   106
       Reflection        |       |     1 |       ||     1
       Kite shield       |       |       |    13 ||    13

Table legend: (Time is in decaauts)
 A = Elapsed time spent in this place.
 B = Non-inter-level travel time spent in this place.
 C = Inter-level travel time spent in this place.
 D = Time resting spent in this place.
 E = Time spent auto-exploring this place.
 F = Levels seen in this place.
 G = Mean time per level.
                   A        B        C        D        E       F      G
               +--------+--------+--------+--------+--------+-----+--------+
         Total |   3192 |   3136 |     56 |    268 |   1992 |   6 |  532.0 |
       Dungeon |   3162 |   3106 |     56 |    268 |   1982 |   5 |  632.4 |
        Temple |     29 |     29 |      0 |      0 |     10 |   1 |   29.0 |
               +--------+--------+--------+--------+--------+-----+--------+

Top non-repeatable levels by time:
     D:1: 941 daAuts
     D:3: 756 daAuts
     D:4: 730 daAuts
     D:2: 624 daAuts
     D:5: 109 daAuts
  Temple: 29 daAuts
